 Dungeon Crawl Stone Soup version 0.20.1-1-g8b1a95d (webtiles) character file.

357 Reeggar the Covered (level 6, -1/40 HPs)
             Began as a Demigod Fighter on Sept 26, 2017.
             Killed from afar by gyp21's ghost (4 damage)
             ... with a flame tongue
             ... on level 4 of the Dungeon.
             The game lasted 00:25:39 (4670 turns).

Reeggar the Covered (Demigod Fighter)               Turns: 4670, Time: 00:25:42

Health: -1/40      AC:  9    Str: 24    XL:     6   Next: 14%
Magic:  8/8        EV:  8    Int: 16    God:
Gold:   147        SH: 10    Dex: 15    Spells: 5/5 levels left

rFire    + . .     SeeInvis +   a - +0 war axe
rCold    + . .     Gourm    .   c - +0 shield
rNeg     . . .     Faith    .   b - +0 scale mail
rPois    +         Spirit   .   (helmet restricted)
rElec    +         Reflect  .   (no cloak)
rCorr    +         Harm     .   o - +0 pair of gloves
MR       .....                  l - +0 pair of boots
Stlth    ..........             (no amulet)
Regen    0.2/turn               j - ring of wizardry
MPRegen  0.2/turn               (no ring)

@: mighty, lethally poisoned (-1 -> -15), resistant
A: horns 1, see invisible, frail 2, high mp 1
a: no special abilities


You were on level 4 of the Dungeon.
You were not hungry.

You visited 1 branch of the dungeon, and saw 4 of its levels.

You collected 147 gold pieces.

Inventory:

Hand Weapons
 a - a +0 war axe (weapon)
 h - a +0 battleaxe
 m - a +0 vampiric dagger
 r - a +0 war axe
Armour
 b - a +0 scale mail (worn)
 c - a +0 shield (worn)
 l - a +0 pair of boots (worn)
 o - a +0 pair of gloves (worn)
Jewellery
 j - a ring of wizardry (left hand)
 t - an uncursed ring of protection from magic {unknown}
Wands
 p - a wand of random effects (18/48)
Scrolls
 e - 2 scrolls of remove curse
Potions
 q - a potion of flight
Comestibles
 f - 5 bread rations
 g - 3 royal jellies
 i - 3 fruits
 k - 2 meat rations
 v - 4 chunks of flesh


   Skills:
 + Level 3.2 Fighting
 + Level 3.8 Axes
 + Level 4.2 Armour
 + Level 1.1 Dodging
 + Level 1.1 Stealth
 + Level 3.5 Shields


You had 5 spell levels left.
You didn't know any spells.

Dungeon Overview and Level Annotations

Branches:
Dungeon (4/15)
 Temple: D:4-7

Annotations:
D:4 gyp21's ghost, amateur DEFE


Innate Abilities, Weirdness & Mutations

You have an increased reservoir of magic. (+10% MP)
You have a pair of small horns on your head.
You have supernaturally acute eyesight. (SInv)
You are very frail. (-20% HP)


Message History

The giant cockroach bites you but does no damage.
You block gyp21's ghost's attack.
The giant cockroach bites you but does no damage.
You closely miss gyp21's ghost.
Gyp21's ghost is moderately damaged.
You hit the giant cockroach.
You are covered in liquid flames!
* * * LOW HITPOINT WARNING * * *
You feel sick. You block the giant cockroach's attack.
Gyp21's ghost gestures at you while chanting.
The flame tongue hits you! You resist.
* * * LOW HITPOINT WARNING * * *
You slash the giant cockroach!
You kill the giant cockroach!
You barely miss gyp21's ghost.
* * * LOW HITPOINT WARNING * * *
You feel sick. You block gyp21's ghost's attack.
Gyp21's ghost casts a spell at you. The flame tongue hits you! You resist.
You die...

.......# ##........## .......#
#..........###
.......##########.....<......###
...........................#.....
.......##..................# #.
......###..................# .
.....## #.................## ##
#.#### #.......W†.......## ##.
#.# #.......@...#...## ###.. #.#
####...........###..# #<... #.#
#....####.##.#.# .... #..## #.#
#.#### #....#.# ........# #.#
##.# #..###.# ##..##..# #.# #..#
##..# #.# ## ...# #.# #.## #...#
#.# ..... #.# #.# ##.#.# #.#
#..### #.# #.# ###..#.###.### ..#


You could see gyp21's ghost.

Vanquished Creatures
  Edmund (D:4)
  Blork the orc (D:3)
  An orc priest (D:3)
  6 adders
  3 worms
  6 dart slugs
  A leopard gecko (D:3)
  11 orcs (D:3)
  5 giant cockroaches
  11 goblins
  5 hobgoblins
  3 jackals (D:3)
  3 quokkas (D:4)
  9 bats
  7 frilled lizards
  7 kobolds
  A leopard gecko skeleton (D:4)
  A quokka skeleton (D:4)
  6 rats
88 creatures vanquished.

Notes
Turn   | Place    | Note
-------+----------+-------------------------------------------
     0 | D:1      | Reeggar the Demigod Fighter began the quest for the Orb.
     0 | D:1      | Reached XP level 1. HP: 18/18 MP: 3/3
   100 | D:1      | Reached XP level 2. HP: 9/25 MP: 4/4
   480 | D:1      | Reached skill level 3 in Armour
  1229 | D:2      | Reached XP level 3. HP: 29/30 MP: 5/5
  2036 | D:3      | Reached XP level 4. HP: 22/37 MP: 6/6
  2793 | D:3      | Found a shimmering altar of Xom.
  2793 | D:3      | Found a sparkling altar of Nemelex Xobeh.
  2794 | D:3      | Found a sacrificial altar of Ru.
  2832 | D:3      | Found a hide-covered altar of Uskayaw.
  3278 | D:3      | Noticed Blork the orc
  3289 | D:3      | Found a deep blue altar of Sif Muna.
  3317 | D:3      | Gained mutation: You have supernaturally acute eyesight. (SInv) [potion of mutation]
  3317 | D:3      | Gained mutation: You are frail. (-10% HP) [potion of mutation]
  3317 | D:3      | Gained mutation: You are very frail. (-20% HP) [potion of mutation]
  3317 | D:3      | Gained mutation: You have a pair of small horns on your head. [potion of mutation]
  3327 | D:3      | Killed Blork the orc
  3327 | D:3      | Reached skill level 1 in Dodging
  3327 | D:3      | Reached XP level 5. HP: 8/36 MP: 7/7
  3757 | D:3      | Found a basalt altar of Yredelemnul.
  4049 | D:4      | Noticed Edmund
  4067 | D:4      | Killed Edmund
  4067 | D:4      | Reached skill level 4 in Armour
  4067 | D:4      | Reached skill level 1 in Stealth
  4067 | D:4      | Reached XP level 6. HP: 8/40 MP: 8/8
  4654 | D:4      | Noticed gyp21's ghost (amateur DEFE)
  4670 | D:4      | Killed from afar by gyp21's ghost

Skill      XL: |  1  2  3  4  5 |
---------------+----------------+-----
Axes           | 2 3 |  3.8
Shields        | 3 |  3.5
Armour         | 3 4 |  4.2
Fighting       | 3 |  3.2
Dodging        | 1 |  1.1
Stealth        | 1 |  1.1

Action                   |  1- 3 |  4- 6 || total
-------------------------+-------+-------++-------
Melee: War axe           |   152 |   132 ||   284
       Headbutt          |       |    13 ||    13
  Use: Scroll            |     3 |     8 ||    11
       Potion            |     2 |     7 ||     9
  Eat: Bread ration      |     1 |     2 ||     3
       Chunk             |       |     2 ||     2
Armor: Scale mail        |    78 |    52 ||   130
Dodge: Dodged            |    52 |    35 ||    87
Block: Shield            |    79 |    72 ||   151
